AoeStats
← Mr_Fox

Oasis

507900169Analyzed
4v4 RM · 11d ago on Sep 20, 2026· 24m 19s· 8 players
Game mode
Random Map
Map size
Large (8 player)
Population
200
Speed
Normal
Resources
Standard
Victory
Conquest
Starting age
Dark Age
Ending age
Imperial Age
RankedLock teamsTeams togetherTeam positionsShared explorationLock speedFull tech treeHidden civsTurbo modeCheats
Victory
Defeat
🇬🇹 Lithuanians · Guatemala
1408
+14
🇬🇹 Japanese · Guatemala
1400
+14
🇬🇹 Persians · Guatemala
1261
+20
🇬🇹 Ethiopians · Guatemala
1256
+21
🇩🇪 Magyars · Germany
1374
-18
🇹🇼 Khmer · Taiwan
1353
-17
🇦🇷 Saracens · Argentina
1350
-17
1344
-17
D==D.Trooper
6:10 Loom
9:12 Feudal Age
10:30 Double-Bit Axe
13:03 Town Watch
14:27 Fletching
16:07 Wheelbarrow
19:06 Forging
25:38 Castle Age
23:58 Gold Mining
Ares2809
7:14 Loom
10:03 Feudal Age
12:12 Double-Bit Axe
15:31 Forging
17:24 Scale Barding Armor
18:01 Bloodlines
18:54 Horse Collar
25:41 Castle Age
[XEVER]_AlarconFalcon
5:41 Loom
8:40 Feudal Age
9:21 Double-Bit Axe
10:44 Horse Collar
13:25 Scale Barding Armor
13:20 Scale Mail Armor
23:07 Castle Age
22:03 Forging
21:44 Gold Mining
22:33 Bloodlines
24:12 Bow Saw
24:04 Heavy Plow
Mr_Fox
7:17 Loom
9:26 Feudal Age
9:29 Man-at-Arms
12:19 Fletching
17:44 Padded Archer Armor
24:51 Castle Age
嚴肅學習
6:25 Loom
8:52 Feudal Age
12:34 Fletching
Laljia
7:04 Loom
9:23 Feudal Age
9:56 Double-Bit Axe
12:01 Wheelbarrow
11:26 Horse Collar
19:05 Scale Barding Armor
66+阿展哥~"
10:51 Feudal Age
10:18 Loom
14:11 Scale Barding Armor
15:38 Bloodlines
23:26 Forging
阿姆斯壯特朗德騎豬跑路
10:26 Feudal Age
10:55 Loom
15:23 Fletching
24:12 Castle Age
Connection lost

Rejoining the realm…

Still unreachable

The connection could not be restored.

Session expired

The server has moved on; the page needs a fresh start.